 Dungeon Crawl Stone Soup version 0.22.1-2-g9c5b331 (webtiles) character file.

113 Lilu the Conjurer (level 4, -1/24 HPs)
             Began as a Deep Elf Conjurer on Nov 15, 2018.
             Killed by divine providence
             ... invoked by an orc priest
              (12 damage)
             ... on level 3 of the Dungeon.
             The game lasted 00:05:18 (2443 turns).

Lilu the Conjurer (Deep Elf Conjurer)               Turns: 2443, Time: 00:05:19

Health: -1/24      AC:  5    Str:  5    XL:     4   Next: 65%
Magic:  4/12       EV: 13    Int: 21    God:
Gold:   142        SH:  0    Dex: 15    Spells: 9/12 levels left

rFire    + . .     SeeInvis .   y - +2 long sword (freeze)
rCold    . . .     Gourm    .   (no shield)
rNeg     . . .     Faith    .   a - +0 robe
rPois    .         Spirit   .   x - +0 helmet
rElec    .         Reflect  .   (no cloak)
rCorr    .         Harm     .   (no gloves)
MR       .....                  m - +1 pair of boots
Stlth    ++........             (no amulet)
HPRegen  0.08/turn              e - ring of protection from fire
MPRegen  0.13/turn              (no ring)

@: no status effects
A: no striking features
a: no special abilities


You were on level 3 of the Dungeon.
You were hungry.

You visited 1 branch of the dungeon, and saw 3 of its levels.

You collected 142 gold pieces.

Inventory:

Hand Weapons
 y - a +2 long sword of freezing (weapon)
Missiles
 f - 154 stones (quivered)
 g - 31 poisoned needles
 h - 56 arrows
 p - 6 needles of confusion
 q - 2 throwing nets
 u - 25 bolts
Armour
 a - a +0 robe (worn)
 i - a +0 leather armour
 k - a +0 ring mail
 m - a +1 pair of boots (worn)
 x - a +0 helmet (worn)
Jewellery
 e - a ring of protection from fire (left hand)
Scrolls
 b - 6 scrolls of identify {unknown}
 d - 3 scrolls of enchant weapon {unknown}
 j - a scroll of noise {unknown}
 n - a scroll of random uselessness {unknown}
 t - a scroll of fear {unknown}
 w - a scroll of enchant armour {unknown}
Potions
 l - a potion of curing
 o - a potion of flight {unknown}
 r - a potion of agility {unknown}
 s - a potion of magic {unknown}
 v - a potion of heal wounds {unknown}
 z - a potion of haste {unknown}
Comestibles
 c - 5 rations


   Skills:
 - Level 2.4 Dodging
 - Level 2.4 Stealth
 + Level 4.5 Spellcasting
 * Level 6.0 Conjurations


You had 9 spell levels left.
You knew the following spells:

 Your Spells              Type           Power        Failure   Level  Hunger
a - Magic Dart            Conj           ####         1%          1    None
b - Searing Ray           Conj           ####..       1%          2    #......

Your spell library contained the following spells:

 Spells                   Type           Power        Failure   Level  Hunger
 Dazzling Spray           Conj/Hex       ###...       10%         3    ##.....
 Iskenderun's Mystic Bla  Conj           ####....     10%         4    ####...
 Force Lance              Conj/Tloc      ###.....     32%         4    ####...
 Fulminant Prism          Conj/Hex       ###.......   32%         4    ####...


Dungeon Overview and Level Annotations

Branches:
Dungeon (3/15)

Altars:
Uskayaw
Yredelemnul
Zin


Message History

Casting: Searing Ray (safe; 1% risk of failure)
Confirm with . or Enter, or press ? or * to list all spells.
Aiming: Searing Ray (safe; 1% risk of failure)
Press: ? - help, Shift-Dir - straight line, p - orc wizard The searing ray hits the orc wizard.
The orc wizard is heavily wounded. (Press . to maintain the ray.)
The orc priest mumbles some strange prayers to Beogh against you.
Beogh smites you!
Ouch! That really hurt!
* * * LOW HITPOINT WARNING * * *
The searing ray hits the orc.
The orc is severely wounded.
The searing ray misses the orc.
The searing ray hits the orc wizard.
The orc wizard is almost dead.
It was a potion of curing.
You feel better. The orc completely misses you.
The orc priest invokes the aid of Beogh against you.
Beogh smites you!
Ouch! That really hurt!
You die...

#####...........#
#..)..##......... .
#.#######........ o. ...#
##.....## ...
...######........ ....
................# %....
....#####.......####o.....
.................oo.o.....
#.#.######.....#@####.....
#......# #........# ...
###.##.# #####..#.## .
#.##.#### ##....#
#.##....# ##.#.## #
#.......#### #....##...#
######.....######.....#
##.##.......###..#.
#.########.........


You could see an orc priest, an orc wizard and 2 orcs.

Vanquished Creatures
  A centaur skeleton (D:2)
  2 adders (D:2)
  An ooze (D:1)
  3 worms (D:2)
  A dart slug (D:1)
  A leopard gecko (D:1)
  A giant cockroach (D:1)
  7 goblins
  9 hobgoblins
  2 jackals (D:1)
  3 ball pythons
  2 bats
  A frilled lizard (D:1)
  8 kobolds
  4 rats
46 creatures vanquished.

Notes
Turn   | Place    | Note
-------+----------+-------------------------------------------
     0 | D:1      | Lilu the Deep Elf Conjurer began the quest for the Orb.
     0 | D:1      | Reached XP level 1. HP: 10/10 MP: 6/6
   161 | D:1      | Reached XP level 2. HP: 15/15 MP: 5/8
   380 | D:1      | Learned a level 2 spell: Searing Ray
   441 | D:1      | Reached skill level 5 in Conjurations
   674 | D:1      | Reached XP level 3. HP: 19/19 MP: 7/10
   854 | D:1      | You fall through a shaft!
  1513 | D:2      | Reached XP level 4. HP: 22/24 MP: 3/12
  1687 | D:2      | Found a glowing silver altar of Zin.
  1720 | D:2      | Found a basalt altar of Yredelemnul.
  1972 | D:2      | Reached skill level 6 in Conjurations
  2124 | D:2      | Found a hide-covered altar of Uskayaw.
  2440 | D:3      | HP: 1/24 [orc priest/divine providence (13)]
  2443 | D:3      | Killed from afar by an orc priest

Skill      XL: |  1  2  3  4 |
---------------+-------------+-----
Conjurations   | 5 6 |  6.0
Spellcasting   | 4 |  4.5
Dodging        | |  2.4
Stealth        | |  2.4

Action                   |  1- 3 |  4- 6 || total
-------------------------+-------+-------++-------
 Cast: Magic Dart        |    74 |    11 ||    85
       Searing Ray       |     3 |     6 ||     9
  Use: Potion            |       |     1 ||     1
  Eat: Chunk             |     2 |     2 ||     4
Armor: Robe              |     2 |       ||     2
Dodge: Dodged            |     5 |     3 ||     8
